Map: Prion Terraces

Players

Mindele - Winner!

  • Race: Terran Terran
  • League: Bronze

Tassadarth

  • Race: Protoss Protoss
  • League: Bronze

VOD

Have the link to the VOD?

Description

Time

  • Played on: May 14, 2016, 9:52 p.m.
  • Length: 9:38
Show
View Real Time Build Order
Export as new Build Order

Mindele Terran - Winner!

Build Orders:  

Get SALT Encoding   

  12  0:01  SCV  
  13  0:13  SCV  
  14  0:18  Supply Depot  
  14  0:25  SCV  
  15  0:39  SCV  
  16  0:51  Barracks  
  16  0:57  Barracks  
  16  1:03  SCV  
  17  1:11  Refinery  
  17  1:16  SCV  
  18  1:29  SCV  
  19  1:41  Orbital Command  
  19  1:45  Supply Depot  
  19  1:47  Marine x2  
  21  2:00  Barracks  
  21  2:08  SCV  
  21  2:11  Marine x2  
  24  2:20  SCV  
  25  2:27  Supply Depot  
  25  2:31  Marine  
  25  2:32  SCV  
  25  2:34  Marine  
  28  2:44  Barracks  
  28  2:45  SCV  
  29  2:51  Reaper x2  
  29  2:53  Reaper  
  29  2:57  SCV  
  33  3:01  Supply Depot  
  33  3:09  SCV  
  33  3:12  Barracks  
  34  3:24  SCV  
  35  3:27  Supply Depot  
  35  3:36  SCV  
  35  3:39  Marine x2  
  35  3:40  Marine x2  
  40  3:48  SCV  
  41  3:49  Supply Depot  
  41  3:56  Marine  
  41  3:57  Marine  
  41  3:58  Marine x2  
  41  4:00  SCV  
  46  4:09  Marine  
  47  4:12  Supply Depot  
  47  4:18  Marine x3  
  47  4:19  Marine  
  51  4:27  Marine  
  52  4:36  Marine x4  
  56  4:41  SCV  
  56  4:44  Marine  
  58  4:51  Supply Depot  
  58  4:53  SCV  
  58  4:54  Marine  
  60  5:01  Marine x2  
  60  5:02  Marine  
  61  5:16  Marine x2  
  61  5:19  Marine  
  61  5:20  Marine x2  
  65  5:34  Marine x2  
  64  5:37  Marine  
  64  5:38  Marine  
  66  5:45  Marine  
  66  5:52  Marine x2  
  67  6:08  Marine x2  
  67  6:09  Marine  
  66  6:23  Marine x2  
  64  6:36  Marine x3  
  67  6:41  Marine  
  68  7:01  Marine x4  
  68  7:02  Marine  
  73  7:13  SCV  
  74  7:25  SCV  
  74  7:28  Command Center  
  75  7:36  Marine x2  
  70  7:40  Marine x3  
  70  7:53  Marine  
  71  7:59  SCV  
  71  8:00  Marine x2  
  71  8:01  Marine  
  75  8:11  SCV  
  76  8:20  Factory  
  76  8:23  Factory  
  76  8:30  Marine x2  
  78  8:41  Marine x3  
  81  8:52  Marine x2  
  83  9:04  Marine x3  
Show
View Real Time Build Order
Export as new Build Order

Tassadarth Protoss 

Build Orders:  

Get SALT Encoding   

  12  0:01  Probe (Chrono Boost)  
  13  0:12  Probe (Chrono Boost)  
  14  0:21  Pylon  
  14  0:23  Probe (Chrono Boost)  
  15  0:39  Probe (Chrono Boost)  
  16  0:44  Forge  
  16  0:48  Assimilator  
  17  0:50  Probe (Chrono Boost)  
  17  1:02  Probe (Chrono Boost)  
  18  1:12  Probe (Chrono Boost)  
  19  1:23  Probe (Chrono Boost)  
  20  1:32  Pylon  
  20  1:40  Probe (Chrono Boost)  
  21  1:55  Probe (Chrono Boost)  
  21  1:59  Gateway  
  22  2:05  Pylon  
  22  2:10  Probe (Chrono Boost)  
  22  2:14  Assimilator  
  23  2:24  Nexus  
  23  2:28  Probe (Chrono Boost)  
  24  2:36  Pylon  
  24  2:43  Nexus  
  24  2:48  Probe (Chrono Boost)  
  25  2:58  Probe (Chrono Boost)  
  25  2:59  Photon Cannon  
  25  3:03  Photon Cannon  
  26  3:09  Probe (Chrono Boost)  
  27  3:19  Cybernetics Core  
  27  3:22  Probe (Chrono Boost)  
  28  3:30  Photon Cannon  
  28  3:39  Photon Cannon  
  28  3:46  Probe (Chrono Boost)  
  29  3:57  Probe (Chrono Boost)  
  29  3:58  Probe (Chrono Boost)  
  31  4:04  Pylon  
  31  4:05  Pylon  
  31  4:07  Probe (Chrono Boost)  
  30  4:18  Probe (Chrono Boost)  
  30  4:23  Photon Cannon  
  30  4:51  Photon Cannon  
  30  5:16  Photon Cannon  
  30  5:22  Photon Cannon  
  30  5:42  Photon Cannon  
  30  5:44  Photon Cannon  
  30  5:45  Photon Cannon  
  30  5:46  Photon Cannon  
  30  5:47  Photon Cannon  
  20  5:50  Photon Cannon  
  12  5:58  Probe (Chrono Boost)  
  13  6:08  Probe (Chrono Boost)  
  14  6:16  Probe (Chrono Boost)  
  15  6:19  Probe (Chrono Boost)  
  16  6:27  Probe (Chrono Boost)  
  16  6:37  Probe (Chrono Boost)  
  10  6:42  Pylon  
  10  6:47  Probe (Chrono Boost)  
  10  6:58  Probe (Chrono Boost)  
  11  7:05  Pylon  
  12  7:08  Probe (Chrono Boost)  
  12  7:19  Probe (Chrono Boost)  
  13  7:29  Probe (Chrono Boost)  
  14  7:38  Forge  
  14  7:40  Probe (Chrono Boost)  
  15  7:50  Probe (Chrono Boost)  
  16  8:01  Probe (Chrono Boost), Pylon  
  17  8:15  Gateway  
  17  8:23  Photon Cannon  
  17  8:25  Photon Cannon  
  14  8:43  Photon Cannon  
  14  8:46  Photon Cannon  
  13  9:03  Pylon  
Tags
 
Add a new tag
Caveats
  • Supply blocks, unpowered buildings, or Contaminate may cause inaccurate times.
  • Supply counts are checked every 10 seconds.